 Dungeon Crawl Stone Soup version 0.28-a0-1555-g9ae15a6949 (webtiles) character file.

Game seed: 9718675316730471070

8075 miscthings the Zephyrmancer (level 10, 0/81 HPs)
             Began as a Demigod Artificer on Jan 18, 2022.
             Slain by a culicivora (12 damage)
             ... on level 2 of the Orcish Mines.
             The game lasted 00:28:50 (12084 turns).

miscthings the Zephyrmancer (Demigod Artificer)    Turns: 12084, Time: 00:28:50

Health: 0/81       AC: 17    Str: 21    XL:     10   Next: 76%
Magic:  21/21      EV: 14    Int: 13    God:
Gold:   823        SH:  0    Dex: 18    Spells: 14/19 levels left

rFire   + . .      SeeInvis +   b - +2 trident (venom)
rCold   . . .      Faith    .   (no shield)
rNeg    . . .      Spirit   .   r - +3 ring mail {rF+}
rPois   +          Reflect  .   f - +1 helmet {SInv}
rElec   .          Harm     .   (no cloak)
rCorr   .          Rampage  .   (no gloves)
Will    +....                   N - +1 pair of boots
Stlth   +.........              (no amulet)
HPRegen 0.23/turn               i - ring of poison resistance
MPRegen 0.17/turn               U - +4 ring of protection

@: studying Air Magic
A: high mp 1, forlorn, divine attributes
a: no special abilities


You were on level 2 of the Orcish Mines.
You visited 2 branches of the dungeon, and saw 12 of its levels.
You also visited: Bailey.

You collected 823 gold pieces.

Inventory:

Hand Weapons
 b - a +2 trident of venom (weapon)
 t - a +5 vampiric spear
 S - a +2 halberd of electrocution
Missiles
 u - 4 throwing nets
 y - 4 boomerangs of dispersal
 D - 2 datura-tipped darts
 Q - 3 atropa-tipped darts
Armour
 f - a +1 helmet of see invisible (worn)
 o - a +0 robe of positive energy
 r - a +3 ring mail of fire resistance (worn)
 v - a +1 tower shield of positive energy
 M - a +2 chain mail of willpower
 N - a +1 pair of boots (worn)
Jewellery
 i - a ring of poison resistance (left hand)
 x - a ring of magical power
 U - a +4 ring of protection (right hand)
 W - a ring of willpower
Wands
 c - a wand of flame (26) (quivered)
 d - a wand of charming (3)
 B - a wand of polymorph (19)
Scrolls
 a - 5 scrolls of teleportation
 h - 2 scrolls of fear
 k - a scroll of fog
 n - a scroll of torment {unknown}
 p - 4 scrolls of magic mapping
 w - a scroll of acquirement {unknown}
 C - a scroll of vulnerability {unknown}
 J - a scroll of summoning {unknown}
 K - a scroll of enchant armour {unknown}
 L - a scroll of amnesia {unknown}
 O - a scroll of enchant weapon {unknown}
 R - 2 scrolls of immolation {unknown}
 T - a scroll of brand weapon {unknown}
Potions
 j - 3 potions of mutation
 l - 2 potions of curing
 m - 6 potions of brilliance
 q - 2 potions of heal wounds
 s - 4 potions of cancellation
 z - 4 potions of magic {unknown}
 A - 2 potions of might
 E - 5 potions of invisibility
 F - a potion of lignification {unknown}
 G - 3 potions of haste
 H - 2 potions of attraction
 I - 2 potions of resistance
 P - a potion of berserk rage {unknown}
Miscellaneous
 e - a piece from Xom's chessboard (14/15)


   Skills:
 + Level 5.2 Fighting
 - Level 1.7 Short Blades
 + Level 4.4 Polearms
 - Level 3.0 Throwing
 + Level 5.6 Armour
 + Level 5.2 Dodging
 - Level 0.8 Stealth
 + Level 5.3 Spellcasting
 - Level 2.0 Conjurations
 - Level 2.0 Fire Magic
 - Level 10.0 Air Magic
 + Level 5.9 Evocations


You had 14 spell levels left.
You knew the following spells:

 Your Spells              Type           Power      Damage    Failure   Level
a - Airstrike             Air            14%        N/A       4%          4
b - Foxfire               Conj/Fire      32%        2x1d5     12%         1

Your spell library contained the following spells:

 Spells                   Type           Power      Damage    Failure   Level
 Swiftness                Air            29%        N/A       1%          3
 Shock                    Conj/Air       76%        1d7       2%          1
 Poisonous Vapours        Pois/Air       32%        N/A       5%          2
 Sting                    Tmut/Pois      12%        1d3       28%         1
 Dazzling Flash           Conj/Hex       12%        N/A       50%         3
 Call Canine Familiar     Summ           3%         N/A       63%         3
 Portal Projectile        Hex/Tloc       6%         N/A       63%         3
 Silence                  Hex/Air        8%         N/A       69%         5
 Leda's Liquefaction      Hex/Erth       1%         N/A       95%         4
 Olgreb's Toxic Radiance  Pois           3%         N/A       95%         4
 Agony                    Necr           3%         N/A       100%        5


Dungeon Overview and Level Annotations

Branches:
Dungeon (10/15)            Temple (0/1) D:4             Orc (2/2) D:10
 Bailey (visited)
   Lair: D:8-11         Elf: Orc:2

Shops:
D:6 (

Annotations:
D:10 3 runed translucent doors, AigisTheKnight's ghost, journeyman NaIE; Anno's ghost, journeyman NaIE; JamesMcGaha's ghost, journeyman GrGl


Innate Abilities, Weirdness & Mutations

You have an increased reservoir of magic. (+10% MP)
You shall have no god before yourself.
Your divine heritage dramatically boosts your attributes as you level up.


Message History

The culicivora is lightly wounded.
The culicivora bites you.
The culicivora draws strength from your injuries!
The culicivora bites you but does no damage.
You miss the culicivora.
The culicivora is lightly wounded.
The culicivora misses you.
You miss the culicivora.
The culicivora is lightly wounded.
The culicivora bites you!
The culicivora draws strength from your injuries!
You miss the culicivora. The culicivora misses you. The culicivora bites you!
The culicivora draws strength from your injuries!
You are too injured to fight recklessly!
You hit the culicivora.
You feel better.
The culicivora is lightly wounded.
The culicivora barely misses you.
You hit the culicivora but do no damage.
The culicivora is lightly wounded.
The culicivora closely misses you.
Press: ? - help, v - describe, . - travel, g - get item
Here: a culicivora (lightly wounded)
Items here: a +0 battleaxe; a +0 plate armour.
The floor.
Unknown command.
Unknown command.
You feel the dreadful sensation subside.
Your +2 trident of venom begins to drip with poison!
b - a +2 trident of venom (weapon)
The culicivora bites you but does no damage.
You puncture the culicivora!
The culicivora is poisoned.
The culicivora is moderately wounded.
The culicivora bites you!!
* * * LOW HITPOINT WARNING * * *
The culicivora draws strength from your injuries!
The culicivora bites you.
* * * LOW HITPOINT WARNING * * *
The culicivora draws strength from your injuries!
You barely miss the culicivora. The culicivora bites you!
You die...

... #.)..#
...###....##
..#.#......#
...........#
........#...........#
...................##
#..............#....#
...............s))..#
............#...@).##
.............#......#
....................#
....................#
.#.................##
...........)..<.....#
...........#.....#.##
#...................#
....................#


You could see a culicivora (very poisoned).

Vanquished Creatures
  A hydra (D:10)
  Erica (D:10)
  Harold (D:7)
  A lindwurm (Orc:1)
  A hornet (D:9)
  A meliai zombie (D:6)
  A dream sheep (Bailey)
  A shadow (D:10)
  A wyvern (D:8)
  A steam dragon (D:6)
  3 wargs
  An acid dragon (D:9)
  A water moccasin (D:5)
  3 orc warriors
  A black bear (D:5)
  An ice beast (D:7)
  5 ogres
  3 centaurs
  A necrophage (D:4)
  A phantom (D:6)
  A kobold brigand (D:9)
  6 bullfrogs
  A wyvern zombie (D:6)
  5 scorpions
  A wyvern skeleton (D:7)
  9 killer bees
  2 howler monkeys (D:10)
  2 centaur zombies
  A bullfrog zombie (D:6)
  4 jellies
  5 hounds
  4 orc priests
  A bullfrog skeleton (D:4)
  Terence (D:2)
  Jessica (D:2)
  5 iguanas
  8 orc wizards
  Natasha (thrice) (D:3)
  A killer bee zombie (D:7)
  A hound skeleton (D:4)
  A hound zombie (D:5)
  A mummy (D:4)
  A howler monkey skeleton (D:6)
  Robin (D:3)
  21 gnolls
  6 adders
  2 white imps
  2 adder skeletons
  2 worms (D:3)
  A dart slug (D:2)
  39 orcs
  5 endoplasms
  2 giant cockroaches
  19 goblins
  10 hobgoblins
  2 quokkas
  9 ball pythons
  3 bats
  4 frilled lizards
  10 kobolds
  2 rats
235 creatures vanquished.

Vanquished Creatures (collateral kills)
  An acid dragon (D:9)
  An orc warrior (Orc:1)
  An orc priest (Orc:1)
  A hound (D:5)
  An iguana (D:5)
  A gnoll (Bailey)
  2 adder skeletons (D:5)
  A hobgoblin (D:1)
  A bat (D:1)
10 creatures vanquished.

Vanquished Creatures (others)
  2 orc warriors
  A bullfrog (Orc:1)
  A hound (D:4)
  A gnoll (Bailey)
  3 orcs (Orc:1)
  A quokka (D:1)
  167 foxfires
  2 fungi (D:2)
  10 plants
188 creatures vanquished.

Grand Total: 433 creatures vanquished

Notes
Turn   | Place    | Note
-------+----------+-------------------------------------------
     0 | D:1      | miscthings the Demigod Artificer began the quest for the
                  | Orb.
     0 | D:1      | Reached XP level 1. HP: 15/15 MP: 3/3
    61 | D:1      | Reached skill level 1 in Fighting
   575 | D:1      | Reached skill level 1 in Dodging
   575 | D:1      | Reached XP level 2. HP: 21/23 MP: 4/4
  1762 | D:2      | Noticed Jessica
  1768 | D:2      | Killed Jessica
  1769 | D:2      | Reached skill level 1 in Short Blades
  1769 | D:2      | Reached XP level 3. HP: 28/28 MP: 5/5
  2202 | D:2      | Noticed Terence
  2255 | D:2      | Killed Terence
  2256 | D:2      | Reached XP level 4. HP: 36/36 MP: 6/6
  2314 | D:2      | Got Plato's Catalogue of the Blaze
  2421 | D:2      | Learned a level 1 spell: Foxfire
  2558 | D:3      | Noticed Robin
  2878 | D:2      | Reached skill level 1 in Spellcasting
  2925 | D:3      | Reached skill level 1 in Conjurations
  2925 | D:3      | Reached skill level 1 in Fire Magic
  2925 | D:3      | Reached XP level 5. HP: 37/41 MP: 6/9
  2985 | D:3      | Killed Robin
  3059 | D:3      | Noticed Natasha
  3071 | D:3      | Killed Natasha
  3438 | D:3      | Noticed Natasha
  3447 | D:3      | Killed Natasha
  3448 | D:3      | Reached XP level 6. HP: 31/48 MP: 10/12
  3467 | D:3      | Noticed Natasha
  3472 | D:3      | Killed Natasha
  3946 | D:4      | Found a staircase to the Ecumenical Temple.
  4394 | D:4      | Reached XP level 7. HP: 56/56 MP: 14/14
  4819 | D:5      | Entered Level 5 of the Dungeon
  5055 | D:5      | Reached skill level 1 in Polearms
  6092 | D:6      | Reached XP level 8. HP: 63/63 MP: 11/16
  6485 | D:6      | Found Qetal's Weapon Shop.
  6824 | D:6      | Learned a level 4 spell: Airstrike
  6855 | D:6      | Reached skill level 1 in Air Magic
  6932 | D:7      | Reached skill level 2 in Air Magic
  6952 | D:7      | Reached skill level 3 in Air Magic
  6952 | D:7      | Reached XP level 9. HP: 63/71 MP: 6/19
  7019 | D:7      | Reached skill level 4 in Air Magic
  7138 | D:7      | Noticed Harold
  7157 | D:7      | Reached skill level 1 in Throwing
  7175 | D:7      | Killed Harold
  7176 | D:7      | Reached skill level 6 in Air Magic
  7478 | D:8      | Reached skill level 7 in Air Magic
  7839 | D:8      | Reached skill level 8 in Air Magic
  8210 | D:9      | Reached skill level 9 in Air Magic
  8950 | D:9      | Reached skill level 10 in Air Magic
  8983 | D:9      | Reached skill level 5 in Evocations
  8983 | D:9      | Reached XP level 10. HP: 24/79 MP: 20/20
  9413 | D:10     | Entered Level 10 of the Dungeon
  9418 | D:10     | Noticed an eight-headed hydra
  9426 | D:10     | HP: 3/80 [eight-headed hydra (4)]
  9427 | D:10     | Killed an eight-headed hydra
  9428 | D:10     | Reached skill level 5 in Armour
  9644 | D:10     | Found a flagged portal.
  9669 | Bailey   | Entered a bailey
  9934 | Bailey   | Noticed an orc knight
  9935 | Bailey   | an orc knight changed into a dream sheep
 10569 | D:10     | Found a staircase to the Orcish Mines.
 10760 | D:10     | Noticed Erica
 10765 | D:10     | Killed Erica
 10766 | D:10     | Reached skill level 5 in Fighting
 10766 | D:10     | Reached skill level 5 in Dodging
 10766 | D:10     | Reached skill level 5 in Spellcasting
 10901 | D:10     | Found a runed translucent gate.
 10901 | D:10     | Found a runed translucent gate.
 11078 | D:10     | Found a runed translucent gate.
 11080 | D:10     | Noticed Anno's ghost (journeyman NaIE)
 11080 | D:10     | Noticed JamesMcGaha's ghost (journeyman GrGl)
 11080 | D:10     | Noticed AigisTheKnight's ghost (journeyman NaIE)
 11383 | Orc:1    | Entered Level 1 of the Orcish Mines
 11423 | Orc:1    | Noticed an orc knight
 11500 | Orc:1    | Noticed a lindwurm
 11500 | Orc:1    | an orc knight changed into a lindwurm
 11803 | Orc:1    | Killed a lindwurm
 11983 | Orc:2    | Entered Level 2 of the Orcish Mines
 12048 | Orc:2    | Noticed an orc knight
 12064 | Orc:2    | an orc knight changed into a culicivora
 12084 | Orc:2    | Slain by a culicivora

Illustrated notes

Levels and vault maps discovered:
D:1:      dpeg_arrival_tiny_i, layout_loops_ring, st_stairs_3, dk_noncrumbling_2
D:2:      layout_loops_ring, shapermc_ecumenical_altar_rom_forum, uniq_terence,
          uniq_jessica
D:3:      layout_basic, nicolae_overflow_crystal_walls, nicolae_grassy_gnolls,
          uniq_robin, uniq_natasha
D:4:      layout_loops_ring, slow_altar_2, minmay_temple_entry_enclosed_plants,
          wad_floor_pattern_1, grunt_ministairs_6
D:5:      layout_gridville, minmay_starry_boxes
D:6:      layout_rooms, zin_statuary, serial_shops, shop, minmay_manual_maat
D:7:      layout_cave_pools, uniq_harold
D:8:      layout_basic, nicolae_ru_great_annihilating_truth, old_standard_altar
D:9:      layout_roguey, hangedman_decor_riveting, serial_bayou_pond_d
D:10:     layout_roguey, nicolae_gozag_cash_rules_everything_around_me,
          david_orc_1_choice, gammafunk_ghost_cemetery, enter_bailey_3,
          uniq_erica
Orc:1:    layout_caves, basic_altar, serial_shops, shop, nicolae_orc_rockfall,
          uniq_sonja
Orc:2:    st_orc_ogre_mass, layout_caves, basic_altar, nicolae_orc_pool_cavern

Skill      XL: |  1  2  3  4  5  6  7  8  9 10 |
---------------+-------------------------------+-----
Fighting       | 1 2 3 4 5 |  5.2
Armour         | 2 3 4 5 |  5.6
Evocations     | 3 4 5 |  5.9
Dodging        | 1 2 3 4 5 |  5.2
Short Blades   | 1 |  1.7
Spellcasting   | 1 2 3 4 5 |  5.3
Conjurations   | 1 2 |  2.0
Fire Magic     | 1 2 |  2.0
Polearms       | 1 3 4 |  4.4
Air Magic      | 3 10 | 10.0
Throwing       | 3 |  3.0
Stealth        | |  0.8

Action                   |  1- 3 |  4- 6 |  7- 9 | 10-12 || total
-------------------------+-------+-------+-------+-------++-------
Melee: Rapier            |    88 |       |       |       ||    88
       Club              |     4 |       |       |       ||     4
       Punch             |     1 |     1 |     7 |     4 ||    13
       Flail             |       |    46 |       |       ||    46
       Trident           |       |    91 |       |     2 ||    93
       Spear             |       |     7 |   429 |   265 ||   701
       Halberd           |       |       |       |    42 ||    42
Throw: Boomerang         |       |       |     1 |       ||     1
 Cast: Foxfire           |       |    31 |    68 |       ||    99
       Airstrike         |       |       |    10 |    18 ||    28
Evoke: Piece from Xom's  |     8 |     2 |     4 |     2 ||    16
       Wand              |     4 |     7 |    16 |    13 ||    40
  Use: Scroll            |     2 |     3 |     8 |     5 ||    18
       Potion            |       |       |     1 |     7 ||     8
 Stab: Sleeping          |     3 |     1 |     4 |     5 ||    13
       Paralysed         |     7 |       |     1 |       ||     8
       Petrified         |       |       |    14 |       ||    14
       Petrifying        |       |       |     2 |       ||     2
       Invisible         |       |       |     1 |    10 ||    11
Armor: Leather armour    |    23 |       |       |       ||    23
       Ring mail         |       |    51 |   183 |   136 ||   370
Dodge: Dodged            |    48 |   103 |   265 |   252 ||   668

Table legend: (Time is in decaauts)
 A = Elapsed time spent in this place.
 B = Non-inter-level travel time spent in this place.
 C = Inter-level travel time spent in this place.
 D = Time resting spent in this place.
 E = Time spent auto-exploring this place.
 F = Levels seen in this place.
 G = Mean time per level.
                   A        B        C        D        E       F      G
               +--------+--------+--------+--------+--------+-----+--------+
         Total |  12131 |  11685 |    446 |   3039 |   5834 |  13 |  933.2 |
       Dungeon |  11096 |  10672 |    424 |   2780 |   5476 |  10 | 1109.6 |
  Orcish Mines |    429 |    407 |     22 |      0 |    178 |   2 |  214.5 |
        Bailey |    605 |    605 |      0 |    259 |    180 |   1 |  605.0 |
               +--------+--------+--------+--------+--------+-----+--------+

Top non-repeatable levels by time:
    D:10: 1628 daAuts
     D:2: 1389 daAuts
     D:1: 1343 daAuts
     D:4: 1290 daAuts
     D:5: 1227 daAuts
     D:9: 1225 daAuts
     D:6: 866 daAuts
     D:3: 863 daAuts
     D:8: 739 daAuts
  Bailey: 605 daAuts
     D:7: 523 daAuts
   Orc:1: 333 daAuts
   Orc:2: 96 daAuts
